 Seeded DCSS version 0.30.1-4-g462c640d31 (webtiles) character file.

Game seed: 6351066067085065685 (custom seed)

4 Esekla the Grave Robber (level 1, 0/10 HPs)
             Began as a Deep Elf Necromancer on Aug 19, 2023.
             Slain by a goblin
             ... wielding a +0 club
              (4 damage)
             ... on level 3 of the Dungeon.
             The game lasted 00:02:36 (360 turns).

Esekla the Grave Robber (Deep Elf Necromancer)       Turns: 360, Time: 00:02:37

Health: 0/10       AC:  2    Str:  5    XL:     1   Next: 50%
Magic:  6/6        EV: 12    Int: 19    God:
Gold:   40         SH:  0    Dex: 15    Spells: 5/6 levels left

rFire   . . .        c - +0 short sword
rCold   . . .        (no shield)
rNeg    . . .        a - +0 robe
rPois   .            (no helmet)
rElec   .            (no cloak)
rCorr   .            (no gloves)
SInv    .            (no boots)
Will    .....        (no amulet)
Stlth   ++           (no ring)
HPRegen 0.21/turn    (no ring)
MPRegen 0.10/turn

%: no passive effects
@: no status effects
A: no striking features
a: no special abilities


You were on level 3 of the Dungeon.
You visited 1 branch of the dungeon, and saw 3 of its levels.

You collected 40 gold pieces.

Inventory:

Hand Weapons
 c - a +0 short sword (weapon)
Armour
 a - a +0 robe (worn)
Wands
 g - a wand of roots (9)
Scrolls
 e - a scroll of fear {unknown}
Potions
 b - a potion of magic
 d - a potion of ambrosia {unknown}
 f - a potion of haste {unknown}


   Skills:
 * Level 2.4 Dodging
 + Level 2.5 Stealth
 * Level 3.0 Spellcasting
 + Level 5.0 Necromancy


You had 5 spell levels left.
You knew the following spells:

 Your Spells              Type           Power      Damage    Failure   Level
a - Necrotise             Necr           88%        1d8       1%          1

Your spell library contained the following spells:

 Spells                   Type           Power      Damage    Failure   Level
 Vampiric Draining        Necr           22%        2d7       6%          3
 Animate Dead             Necr           22%        N/A       19%         4
 Agony                    Necr           22%        N/A       47%         5


Dungeon Overview and Level Annotations

Branches:
Dungeon (3/15)

Altars:

Shops:
D:2 =


Message History

A goblin comes into view. It is wielding a +0 dagger.
There is a stone staircase leading down here.
You climb downwards.
There is a stone staircase leading up here.
You open the door.
Found 7 stones.
Found a robe.
There is an open door here.
Found a stone staircase leading down.
As you open the door, it creaks loudly!
A bat comes into view.
The bat hits you but does no damage. The bat hits you but does no damage.
The bat hits you but does no damage. The bat barely misses you.
The bat closely misses you. The bat barely misses you.
The bat barely misses you.
An endoplasm comes into view.
The bat barely misses you.
The endoplasm quivers.
The bat misses you. The endoplasm barely misses you.
The bat closely misses you. The bat misses you.
The endoplasm barely misses you. The bat hits you but does no damage.
The endoplasm attacks as you move away! The endoplasm closely misses you.
The bat attacks as you move away! The bat hits you but does no damage.
The bat closely misses you. The bat attacks as you move away!
The bat closely misses you. The bat hits you but does no damage.
A goblin comes into view. It is wielding a +0 club.
The goblin shouts!
The goblin barely misses you. The goblin attacks as you move away!
The goblin hits you with a +0 club.
A dart slug comes into view.
The endoplasm freezes you.
You are frozen.
Ouch! That really hurt!
The goblin hits you with a +0 club.
You die...

#########.#
#.........#
#.#########
#.# #.#
####.####
#.......#
#...J...#
#...g@..#
#.......#
####w####
#.. #...
#....
#.....
#......
#.......


You could see a dart slug, an endoplasm and a goblin.

Vanquished Creatures
  2 ball pythons (D:1)
  A frilled lizard (D:1)
  A kobold (D:1)
4 creatures vanquished.

Notes
Turn   | Place    | Note
-------+----------+-------------------------------------------
     0 | D:1      | Esekla the Deep Elf Necromancer began the quest for the
                  | Orb.
     0 | D:1      | Reached XP level 1. HP: 10/10 MP: 6/6
   128 | D:1      | Reached skill level 5 in Necromancy
   201 | D:2      | Found Renulab's Jewellery Shop.
   360 | D:3      | Slain by a goblin

Illustrated notes

Levels and vault maps discovered:
D:1:      sevenhm_arrival_forest_fort_small_3, layout_rooms,
          chequers_serial_rivers_room_b, minmay_misc_feat_five
D:2:      layout_loops_ring, dreamdust_ecumenical_altar_angels_and_demons,
          serial_shops, shop
D:3:      layout_basic, grunt_temple_overflow_open, minmay_misc_feat_iff

Skill      XL: |  1 |
---------------+----+-----
Necromancy     | 5 |  5.0
Dodging        | |  2.4
Stealth        | |  2.5
Spellcasting   | |  3.0

Action                     || total
---------------------------++-------
  Melee: Short sword       ||     9
         Unarmed           ||     9
 Armour: Robe              ||     9
  Dodge: Dodged            ||    26
